 Dungeon Crawl Stone Soup version 0.30-a0-1016-gfb0d676c02 (webtiles) character file.

Game seed: 12813379036315745857

73 Jase the Covered (level 4, -1/39 HPs)
             Began as an Armataur Fighter on Apr 6, 2023.
             Slain by Sigmund
             ... wielding a +2 heavy scythe
              (20 damage)
             ... on level 3 of the Dungeon.
             The game lasted 00:07:53 (1766 turns).

Jase the Covered (Armataur Fighter)                 Turns: 1766, Time: 00:07:54

Health: -1/39      AC:  8    Str: 22    XL:     4   Next: 8%
Magic:  4/4        EV:  7    Int: 10    God:
Gold:   118        SH:  4    Dex:  9    Spells: 3/3 levels left

rFire   . . .      SeeInvis .    a - +0 long sword
rCold   . . .      Faith    .    c - +0 buckler
rNeg    . . .      Spirit   .    b - +0 scale mail
rPois   .          Reflect  .    (no helmet)
rElec   .          Roll     +    (no cloak)
rCorr   .                        k - +0 pair of gloves
Will    .....                    (no barding) Stlth
                                 (no amulet)
HPRegen 0.26/turn                (no ring)
MPRegen 0.09/turn                (no ring)

@: mighty
A: large, rugged brown scales 3, deformed body, armoured tail, roll, long
tongue, awkward tongue
a: no special abilities


You were on level 3 of the Dungeon.
You visited 1 branch of the dungeon, and saw 3 of its levels.

You collected 118 gold pieces.

Inventory:

Hand Weapons
 a - a +0 long sword (weapon)
Missiles
 i - 13 poisoned darts (quivered)
Armour
 b - a +0 scale mail (worn)
 c - a +0 buckler (worn)
 k - a +0 pair of gloves (worn)
Scrolls
 e - a scroll of brand weapon {unknown}
 f - a scroll of fear {unknown}
 j - 2 scrolls of teleportation {unknown}
 l - a scroll of acquirement {unknown}
 m - 2 scrolls of identify {unknown}
Potions
 g - 2 potions of invisibility
 h - a potion of flight {unknown}
 n - a potion of curing {unknown}
 o - a potion of cancellation {unknown}
 p - a potion of heal wounds {unknown}


   Skills:
 - Level 2.6 Fighting
 * Level 3.2 Long Blades
 + Level 4.8 Armour
 - Level 3.2 Shields


You had 3 spell levels left.
You didn't know any spells.
Your spell library contained the following spells:

 Spells                   Type           Power      Damage    Failure   Level
 Summon Forest            Summ/Tloc      0%         N/A       100%        5
 Eringya's Noxious Bog    Tmut/Pois      0%         N/A       100%        6
 Summon Hydra             Summ           0%         N/A       100%        7


Dungeon Overview and Level Annotations

Branches:
Dungeon (3/15)

Altars:

Shops:
D:2 (

Annotations:
D:3 Sigmund


Innate Abilities, Weirdness & Mutations

You are completely covered in rugged brown scales. (AC +3, +7% HP)
Armour fits poorly on your strangely shaped body.
You have a long armoured tail.
You roll when moving toward enemies. (Rampage)
Your long tongue fully drains potion bottles. (2x potion effects)
Your tongue gives you trouble enunciating. (1.5x scroll delay)


Message History

Unknown command.
You see here a +1 leather armour of fire resistance.
Okay, then.
Unknown command.
Found a stone staircase leading down.
You hit the giant cockroach.
The giant cockroach is heavily wounded.
The giant cockroach closely misses you.
You hit the giant cockroach.
You kill the giant cockroach!
You now have 118 gold pieces (gained 16).
There is a stone staircase leading down here.
Sigmund the Dreaded comes into view.
He is wielding a +2 heavy scythe and carrying a wand of flame (7).
Sigmund shouts!
Sigmund says, "You will soon forget everything."
Sigmund casts a spell at you. The puff of flame hits you!
Okay, then.
Okay, then.
Okay, then.
You feel very mighty all of a sudden.
You slurp down every last drop of the potion of might!
Sigmund completely misses you.
A goblin comes into view. It is wielding a +0 club.
The goblin shouts!
You closely miss Sigmund.
Sigmund zaps a wand.
The puff of flame hits you!
You slash Sigmund! You tail-slap Sigmund!!
Sigmund is almost dead.
Sigmund drinks a potion.
Sigmund flickers and vanishes!
Deactivating autopickup; reactivate with Ctrl-A.
Something unexpectedly blocked you, preventing you from rolling!
You barely miss something.
Your tail-slap misses something.
You hear some strange, mumbled words.
A magic dart appears from out of thin air!
The magic dart hits you!
An endoplasm comes into view.
Something unexpectedly blocked you, preventing you from rolling!
You closely miss something. Something hits you!!
Ouch! That really hurt!
You die...

####..............#
#....
#..............#
#....
#..............#
#....
#...........####
##### #...........#
. #...........#
#...........#
#...........#
#######@##### #{#
#g# #.# #.. ...
.... ...J ##...#


You could see an endoplasm and a goblin.

Vanquished Creatures
  An adder (D:2)
  A worm (D:2)
  A dart slug (D:2)
  4 orcs (D:3)
  2 ball pythons
  5 endoplasms
  2 giant cockroaches
  4 hobgoblins
  3 jackals
  7 kobolds
  3 quokkas (D:1)
  4 bats
  6 frilled lizards
  4 goblins
  6 rats
53 creatures vanquished.

Notes
Turn   | Place    | Note
-------+----------+-------------------------------------------
     0 | D:1      | Jase the Armataur Fighter began the quest for the Orb.
     0 | D:1      | Reached XP level 1. HP: 19/19 MP: 1/1
    87 | D:1      | Reached skill level 4 in Armour
    87 | D:1      | Reached XP level 2. HP: 26/26 MP: 2/2
   381 | D:1      | Found a faded altar of an unknown god.
   411 | D:1      | Reached XP level 3. HP: 28/32 MP: 3/3
  1150 | D:2      | Found Honelem's Antique Weapon Shoppe.
  1598 | D:3      | Reached XP level 4. HP: 38/39 MP: 4/4
  1753 | D:3      | Noticed Sigmund
  1766 | D:3      | Slain by Sigmund

Illustrated notes

Levels and vault maps discovered:
D:1:      onia_arrival_handbag, layout_rooms, nicolae_ecumenical_lake_church,
          minmay_unequal
D:2:      layout_loops_ring, serial_forest, infiniplex_forest_straight_3,
          infiniplex_forest_zigzag_1, infiniplex_forest_lined_2,
          infiniplex_forest_zigzag_1, infiniplex_forest_end_3,
          infiniplex_forest_lined_room_3, infiniplex_forest_straight_4,
          serial_shops, nicolae_shop_waterfront, kennysheep_generic_room_7
D:3:      layout_basic, uniq_sigmund

Skill      XL: |  1  2  3 |
---------------+----------+-----
Long Blades    | 2 3 |  3.2
Armour         | 4 |  4.8
Fighting       | |  2.6
Shields        | |  3.2

Action                     |  1- 3 |  4- 6 || total
---------------------------+-------+-------++-------
  Melee: Long sword        |   157 |    25 ||   182
         Tailslap          |    14 |     3 ||    17
    Use: Potion            |       |     1 ||     1
 Armour: Scale mail        |    77 |    14 ||    91
  Dodge: Dodged            |    58 |     8 ||    66
  Block: Buckler           |    26 |     4 ||    30

Table legend: (Time is in decaauts)
 A = Elapsed time spent in this place.
 B = Non-inter-level travel time spent in this place.
 C = Inter-level travel time spent in this place.
 D = Time resting spent in this place.
 E = Time spent auto-exploring this place.
 F = Levels seen in this place.
 G = Mean time per level.
                   A        B        C        D        E       F      G
               +--------+--------+--------+--------+--------+-----+--------+
         Total |   1820 |   1782 |     38 |     82 |   1192 |   3 |  606.7 |
       Dungeon |   1820 |   1782 |     38 |     82 |   1192 |   3 |  606.7 |
               +--------+--------+--------+--------+--------+-----+--------+

Top non-repeatable levels by time:
     D:1: 817 daAuts
     D:2: 766 daAuts
     D:3: 235 daAuts
